 Dungeon Crawl Stone Soup version 0.31-a0-750-gfe7b580527 (webtiles) character file.

Game seed: 3347771423055972104

5 randomguy2701 the Trooper (level 1, 0/20 HPs)
             Began as a Hill Orc Fighter on Sept 15, 2023.
             Slain by a goblin
             ... wielding a +2 dagger of electrocution
              (20 damage)
             ... on level 1 of the Dungeon.
             The game lasted 00:00:05 (193 turns).

randomguy2701 the Trooper (Hill Orc Fighter)         Turns: 193, Time: 00:00:06

Health: 0/20       AC:  6    Str: 18    XL:     1   Next: 80%
Magic:  1/1        EV:  9    Int:  8    God:
Gold:   4          SH:  4    Dex: 10    Spells: 0/0 levels left

rFire   . . .        a - +0 war axe
rCold   . . .        c - +0 buckler
rNeg    . . .        b - +0 scale mail
rPois   .            (no helmet)
rElec   .            (no cloak)
rCorr   .            (no gloves)
SInv    .            (no boots)
Will    .....        (no amulet) Stlth
                     (no ring)
HPRegen 0.23/turn    (no ring)
MPRegen 0.07/turn

%: no passive effects
@: no status effects
A: no striking features
a: no special abilities


You were on level 1 of the Dungeon.
You visited 1 branch of the dungeon, and saw 1 of its levels.

You collected 4 gold pieces.

Inventory:

Hand Weapons
 a - a +0 war axe (weapon)
Armour
 b - a +0 scale mail (worn)
 c - a +0 buckler (worn)
Scrolls
 e - a scroll of identify {unknown}
Potions
 d - a potion of might


   Skills:
 + Level 3.7 Fighting
 + Level 2.8 Axes
 + Level 3.4 Armour
 + Level 3.4 Shields


You couldn't memorise any spells.
You didn't know any spells.
Your spell library was empty.

Dungeon Overview and Level Annotations

Branches:
Dungeon (1/15)

Altars:


Message History

You now have 4 gold pieces.
There is a stone staircase leading down here.
A hobgoblin comes into view.
The hobgoblin shouts!
A hobgoblin is nearby!
The hobgoblin hits you.
A hobgoblin comes into view.
The hobgoblin shouts!
You hit the hobgoblin.
The hobgoblin is heavily wounded.
You block the hobgoblin's attack.
You slash the hobgoblin!
You kill the hobgoblin!
You closely miss the hobgoblin. You block the hobgoblin's attack.
You barely miss the hobgoblin.
The hobgoblin hits you but does no damage.
You block the hobgoblin's attack.
You barely miss the hobgoblin.
The hobgoblin hits you but does no damage.
You hit the hobgoblin.
The hobgoblin is severely wounded.
The hobgoblin misses you. You block the hobgoblin's attack.
You barely miss the hobgoblin.
The hobgoblin is severely wounded.
The hobgoblin closely misses you.
You slash the hobgoblin!
You kill the hobgoblin!
No target in view!
No target in view!
You see here a hobgoblin corpse.
e - a scroll labelled AXZIAT TUPNATH A goblin comes into view.
It is wielding a +2 dagger of electrocution.
The goblin shouts!
A goblin is nearby!
An endoplasm comes into view.
You barely miss the goblin.
The endoplasm quivers.
The goblin hits you but does no damage.
You are electrocuted!!
Ouch! That really hurt!
You die...

#..................
#.#.......######.#.
#.##.....## #.#. #.
##...## #.#. #.
#...##### ##.#.
#.###.#.....###....
###.#.............#..
#.....#####...###....
#..$@^# #.### ##.##
#..g..# #...####.##
#.....# #..........
#.....#####.........#
#.#.#.......#######.#
#.#.#######.# #.# #
.. #.# #.# #J #.# #.#
#.# #.#


You could see an endoplasm and a goblin.

Vanquished Creatures
  2 hobgoblins (D:1)
  A kobold (D:1)
  A ball python (D:1)
  A rat (D:1)
5 creatures vanquished.

Notes
Turn   | Place    | Note
-------+----------+-------------------------------------------
     0 | D:1      | randomguy2701 the Hill Orc Fighter began the quest for the
                  | Orb.
     0 | D:1      | Reached XP level 1. HP: 19/19 MP: 1/1
   193 | D:1      | Slain by a goblin

Illustrated notes

Levels and vault maps discovered:
D:1:      dpeg_arrival_arbitrary_a, layout_loops_ring,
          amcnicky_mini_rare_corridor_liquid, nicolae_shop_unique_rings

Action                     || total
---------------------------++-------
  Melee: War axe           ||    17
 Armour: Scale mail        ||     9
  Dodge: Dodged            ||     5
  Block: Buckler           ||     5

Table legend: (Time is in decaauts)
 A = Elapsed time spent in this place.
 B = Non-inter-level travel time spent in this place.
 C = Inter-level travel time spent in this place.
 D = Time resting spent in this place.
 E = Time spent auto-exploring this place.
 F = Levels seen in this place.
 G = Mean time per level.
                   A        B        C        D        E       F      G
               +--------+--------+--------+--------+--------+-----+--------+
         Total |    199 |    199 |      0 |      0 |    160 |   1 |  199.0 |
       Dungeon |    199 |    199 |      0 |      0 |    160 |   1 |  199.0 |
               +--------+--------+--------+--------+--------+-----+--------+

Top non-repeatable levels by time:
     D:1: 199 daAuts
